 Dungeon Sprint DCSS version 0.23.0-2-g0fe3ce5 (webtiles) character file.

Game seed: 7578705194475931097

1264 nuthulu the Martial Artist (level 8, -8/67 HPs)
             Began as a Gnoll Transmuter on Feb 19, 2019.
             Was a Follower of Vehumet.
             Mangled by a demonic crawler (10 damage)
             ... in the Dungeon (Sprint I: "Red Sonja").
             The game lasted 00:03:06 (1400 turns).

nuthulu the Martial Artist (Gnoll Transmuter)       Turns: 1400, Time: 00:03:06

Health: -8/67      AC:  2    Str: 12    XL:     8   Next: 52%
Magic:  18/20      EV: 29    Int: 17    God:    Vehumet [*.....]
Gold:   181        SH:  0    Dex: 22    Spells: 14/23 levels left

rFire    . . .     SeeInvis .     - Unarmed
rCold    . . .     Gourm    .   (shield currently unavailable)
rNeg     . . .     Faith    .   (armour currently unavailable)
rPois    x         Spirit   .   (helmet currently unavailable)
rElec    .         Reflect  .   (cloak currently unavailable)
rCorr    .         Harm     .   (gloves currently unavailable)
MR       .....     NoTele   +   (boots currently unavailable)
Stlth    ++++......             (no amulet)
HPRegen  0.21/turn              (no ring)
MPRegen  0.17/turn              (no ring)

@: spider-form
A: tiny, distributed training, strong nose
a: End Transformation, Renounce Religion


You were in the Dungeon.
You worshipped Vehumet.
Vehumet was aware of your devotion.
You were not hungry.
You were a venomous arachnid creature.
You visited 1 branch You collected 405 gold pieces.
You spent 224 gold pieces at shops.

Inventory:

Missiles
 a - 32 arrows
Armour
 b - a +0 robe (melded)
 c - a +0 pair of gloves (melded)
 l - a +1 helmet (melded)
Scrolls
 j - a scroll of blinking
Potions
 e - a potion of curing
 f - a potion of heal wounds
 g - a potion of haste
 h - 2 potions of magic
 i - a potion of berserk rage
 k - a potion of mutation {unknown}


   Skills:
 + Level 7.0 Fighting
 + Level 6.5 Short Blades
 + Level 6.5 Long Blades
 + Level 6.5 Axes
 + Level 6.5 Maces & Flails
 + Level 6.5 Polearms
 + Level 6.5 Staves
 + Level 6.5 Slings
 + Level 6.5 Bows
 + Level 6.5 Crossbows
 + Level 6.5 Throwing
 + Level 6.5 Armour
 + Level 8.0 Dodging
 + Level 6.5 Stealth
 + Level 6.5 Shields
 + Level 9.3 Unarmed Combat
 + Level 8.3 Spellcasting
 + Level 5.3 Conjurations
 + Level 5.3 Hexes
 + Level 5.3 Charms
 + Level 5.3 Summonings
 + Level 5.3 Necromancy
 + Level 5.3 Translocations
 + Level 6.7 Transmutations
 + Level 5.3 Fire Magic
 + Level 5.3 Ice Magic
 + Level 5.3 Air Magic
 + Level 5.3 Earth Magic
 + Level 5.3 Poison Magic
 + Level 7.1 Invocations
 + Level 6.5 Evocations


You had 14 spell levels left.
You knew the following spells:

 Your Spells              Type           Power        Failure   Level  Hunger
a - Beastly Appendage     Tmut           ####..       4%          1    None
b - Spider Form           Tmut/Pois      ####......   10%         3    #......
c - Blade Hands           Tmut           ####......   38%         5    #####..

Your spell library contained the following spells:

 Spells                   Type           Power        Failure   Level  Hunger
 Magic Dart               Conj           ####         5%          1    None
 Sticks to Snakes         Tmut           ####....     5%          2    None
 Ice Form                 Ice/Tmut       ####....     22%         4    ###....


Dungeon Overview and Level Annotations

Branches:
Dungeon (1/1)

Altars:
Cheibriados
Dithmenos
Elyvilon
Fedhas
Gozag
Hepliaklqana
Kikubaaqudgha
Makhleb
Nemelex Xobeh
Okawaru
Qazlal
Ru
Sif Muna
Trog
Uskayaw
Vehumet
Wu Jian
Xom
Yredelemnul
Zin
The Shining One
Jiyva
Lugonu

Shops:
D [


Innate Abilities, Weirdness & Mutations

Your experience applies equally to all skills.
((You have very sharp teeth.))
Your uncanny sense of smell can sniff out nearby items.


Message History

The demonic crawler completely misses you.
The demonic crawler hits you.
* * * LOW HITPOINT WARNING * * *
The demonic crawler misses you.
Unknown command.
You hit the demonic crawler but do no damage.
The demonic crawler is poisoned.
The demonic crawler is moderately wounded.
The demonic crawler hits you.
* * * LOW HITPOINT WARNING * * *
The demonic crawler completely misses you.
The demonic crawler misses you. The demonic crawler closely misses you.
The demonic crawler hits you!
* * * LOW HITPOINT WARNING * * *
The demonic crawler misses you.
Unknown command.
The demonic crawler hits you.
* * * LOW HITPOINT WARNING * * *
The demonic crawler closely misses you. The demonic crawler hits you!
You die...

#######################
#..'..#.)'..#__#..ss).#∆∆
∆∆
'[.#..'..#..'^.'ss#s..##+#∆
#####'#####'#__####...'..#∆
∆
####..#...#.####∆∆#####..+∆
#__####..##.# ∆∆ ##
#_____##'#_.+ #_.∩...'..._#
∆∆ #_..__##_.#+#
#_____###+#∆ ∆∆∆∆ ∆ #######
∆ ∆


You could see 3 demonic crawlers.

Vanquished Creatures
  2 kobold demonologists (D)
  A slime creature (D)
  Sigmund (D)
  A yak (D)
  A floating eye (D)
  An ogre (D)
  A jelly (D)
  Ijyb (D)
9 creatures vanquished.

Notes
Turn   | Place    | Note
-------+----------+-------------------------------------------
     0 | D        | nuthulu the Gnoll Transmuter began the quest for the Orb.
     0 | D        | Reached XP level 1. HP: 17/17 MP: 6/6
     1 | D        | Noticed Ijyb
    16 | D        | Killed Ijyb
    16 | D        | Reached skill level 1 in Short Blades
    16 | D        | Reached skill level 1 in Long Blades
    16 | D        | Reached skill level 1 in Axes
    16 | D        | Reached skill level 1 in Maces & Flails
    16 | D        | Reached skill level 1 in Polearms
    16 | D        | Reached skill level 1 in Staves
    16 | D        | Reached skill level 1 in Slings
    16 | D        | Reached skill level 1 in Bows
    16 | D        | Reached skill level 1 in Crossbows
    16 | D        | Reached skill level 1 in Throwing
    16 | D        | Reached skill level 1 in Armour
    16 | D        | Reached skill level 1 in Stealth
    16 | D        | Reached skill level 1 in Shields
    16 | D        | Reached skill level 5 in Spellcasting
    16 | D        | Reached skill level 1 in Conjurations
    16 | D        | Reached skill level 1 in Hexes
    16 | D        | Reached skill level 1 in Charms
    16 | D        | Reached skill level 1 in Summonings
    16 | D        | Reached skill level 1 in Necromancy
    16 | D        | Reached skill level 1 in Translocations
    16 | D        | Reached skill level 1 in Fire Magic
    16 | D        | Reached skill level 1 in Ice Magic
    16 | D        | Reached skill level 1 in Air Magic
    16 | D        | Reached skill level 1 in Earth Magic
    16 | D        | Reached skill level 1 in Poison Magic
    16 | D        | Reached skill level 1 in Invocations
    16 | D        | Reached skill level 1 in Evocations
    16 | D        | Reached XP level 2. HP: 9/24 MP: 6/8
    16 | D        | Reached XP level 3. HP: 11/29 MP: 6/9
    21 | D        | Learned a level 3 spell: Spider Form
   212 | D        | Noticed an ogre
   231 | D        | Killed an ogre
   231 | D        | Reached skill level 5 in Dodging
   231 | D        | Reached skill level 7 in Unarmed Combat
   231 | D        | Reached XP level 4. HP: 4/37 MP: 5/11
   619 | D        | Noticed Sigmund
   625 | D        | Killed Sigmund
   625 | D        | Reached skill level 5 in Fighting
   625 | D        | Reached skill level 5 in Transmutations
   625 | D        | Reached XP level 5. HP: 44/44 MP: 10/14
   625 | D        | Reached XP level 6. HP: 51/51 MP: 10/15
   769 | D        | Found an ornate altar of the Wu Jian Council.
   769 | D        | Found a deep blue altar of Sif Muna.
   771 | D        | Found a radiant altar of Vehumet.
   777 | D        | Reached skill level 8 in Unarmed Combat
   781 | D        | Became a worshipper of Vehumet
   885 | D        | Found Haejuwun's Armour Emporium.
   885 | D        | Found an ancient bone altar of Kikubaaqudgha.
   885 | D        | Found a hazy altar of Hepliaklqana.
   885 | D        | Found a stormy altar of Qazlal.
   885 | D        | Found a hide-covered altar of Uskayaw.
   885 | D        | Found a blossoming altar of Fedhas.
   885 | D        | Found a bloodstained altar of Trog.
   885 | D        | Found an iron altar of Okawaru.
   885 | D        | Found a basalt altar of Yredelemnul.
   885 | D        | Found a glowing golden altar of the Shining One.
   885 | D        | Found a snail-covered altar of Cheibriados.
   885 | D        | Found a sacrificial altar of Ru.
   885 | D        | Found a glowing silver altar of Zin.
   885 | D        | Found a shadowy altar of Dithmenos.
   885 | D        | Found a white marble altar of Elyvilon.
   885 | D        | Noticed a yak
   886 | D        | Found an opulent altar of Gozag.
   895 | D        | Killed a yak
   895 | D        | Reached skill level 5 in Short Blades
   895 | D        | Reached skill level 5 in Long Blades
   895 | D        | Reached skill level 5 in Axes
   895 | D        | Reached skill level 5 in Maces & Flails
   895 | D        | Reached skill level 5 in Polearms
   895 | D        | Reached skill level 5 in Staves
   895 | D        | Reached skill level 5 in Slings
   895 | D        | Reached skill level 5 in Bows
   895 | D        | Reached skill level 5 in Crossbows
   895 | D        | Reached skill level 5 in Throwing
   895 | D        | Reached skill level 5 in Armour
   895 | D        | Reached skill level 5 in Stealth
   895 | D        | Reached skill level 5 in Shields
   895 | D        | Reached skill level 5 in Invocations
   895 | D        | Reached skill level 5 in Evocations
   895 | D        | Reached XP level 7. HP: 37/57 MP: 13/17
   898 | D        | Found a sparkling altar of Nemelex Xobeh.
   902 | D        | Bought a +0 pair of gloves for 63 gold pieces
   902 | D        | Bought a +1 helmet for 161 gold pieces
  1025 | D        | Found a burning altar of Makhleb.
  1025 | D        | Found a viscous altar of Jiyva.
  1025 | D        | Found a shimmering altar of Xom.
  1025 | D        | Found a corrupted altar of Lugonu.
  1025 | D        | Noticed a slime creature
  1047 | D        | Killed a slime creature
  1063 | D        | Learned a level 5 spell: Blade Hands
  1310 | D        | Noticed a kobold demonologist
  1311 | D        | Noticed a kobold demonologist
  1315 | D        | Reached * piety under Vehumet
  1315 | D        | Offered knowledge of Magic Dart by Vehumet.
  1318 | D        | Killed a kobold demonologist
  1318 | D        | Reached skill level 9 in Unarmed Combat
  1318 | D        | Reached skill level 5 in Conjurations
  1318 | D        | Reached skill level 5 in Hexes
  1318 | D        | Reached skill level 5 in Charms
  1318 | D        | Reached skill level 5 in Summonings
  1318 | D        | Reached skill level 5 in Necromancy
  1318 | D        | Reached skill level 5 in Translocations
  1318 | D        | Reached skill level 5 in Fire Magic
  1318 | D        | Reached skill level 5 in Ice Magic
  1318 | D        | Reached skill level 5 in Air Magic
  1318 | D        | Reached skill level 5 in Earth Magic
  1318 | D        | Reached skill level 5 in Poison Magic
  1318 | D        | Reached XP level 8. HP: 64/65 MP: 14/20
  1326 | D        | Killed a kobold demonologist
  1390 | D        | Noticed a demonic crawler
  1390 | D        | Noticed a demonic crawler
  1390 | D        | Noticed a demonic crawler
  1390 | D        | Noticed a demonic crawler
  1399 | D        | HP: 3/67 [demonic crawler (12)]
  1400 | D        | Mangled by a demonic crawler

Skill      XL: |  1  2  3  4  5  6  7  8 |
---------------+-------------------------+-----
Fighting       | 3 4 5 6 7 |  7.0
Short Blades   | 1 3 4 5 6 |  6.5
Long Blades    | 1 3 4 5 6 |  6.5
Axes           | 1 3 4 5 6 |  6.5
Maces & Flails | 1 3 4 5 6 |  6.5
Polearms       | 1 3 4 5 6 |  6.5
Staves         | 1 3 4 5 6 |  6.5
Slings         | 1 3 4 5 6 |  6.5
Bows           | 1 3 4 5 6 |  6.5
Crossbows      | 1 3 4 5 6 |  6.5
Throwing       | 1 3 4 5 6 |  6.5
Armour         | 1 3 4 5 6 |  6.5
Stealth        | 1 3 4 5 6 |  6.5
Shields        | 1 3 4 5 6 |  6.5
Spellcasting   | 5 6 7 8 |  8.3
Conjurations   | 1 2 3 4 5 |  5.3
Hexes          | 1 2 3 4 5 |  5.3
Charms         | 1 2 3 4 5 |  5.3
Summonings     | 1 2 3 4 5 |  5.3
Necromancy     | 1 2 3 4 5 |  5.3
Translocations | 1 2 3 4 5 |  5.3
Transmutations | 4 5 6 |  6.7
Fire Magic     | 1 2 3 4 5 |  5.3
Ice Magic      | 1 2 3 4 5 |  5.3
Air Magic      | 1 2 3 4 5 |  5.3
Earth Magic    | 1 2 3 4 5 |  5.3
Poison Magic   | 1 2 3 4 5 |  5.3
Invocations    | 1 3 4 5 6 7 |  7.1
Evocations     | 1 3 4 5 6 |  6.5
Dodging        | 5 6 7 8 |  8.0
Unarmed Combat | 7 8 9 |  9.3

Action                   |  1- 3 |  4- 6 |  7- 9 || total
-------------------------+-------+-------+-------++-------
Melee: Unarmed           |    16 |    14 |    30 ||    60
       Headbutt          |     4 |       |       ||     4
       Bite              |     1 |       |     1 ||     2
 Cast: Beastly Appendage |     2 |       |       ||     2
       Spider Form       |     2 |     3 |     2 ||     7
       Blade Hands       |       |       |     1 ||     1
 Stab: Sleeping          |     1 |     1 |       ||     2
  Eat: Ration            |       |       |     1 ||     1
Armor: Robe              |     2 |       |    11 ||    13
Dodge: Dodged            |     8 |     9 |    62 ||    79
